 Dungeon Crawl Stone Soup version 0.25-a0-737-g26c3a87 (webtiles) character file.

Game seed: 12825211938638197667, levelgen mode: deterministic

3855 BlueFish the Thaumaturge (level 9, -21/68 HPs)
             Began as a Mummy Wizard on Apr 12, 2020.
             Was a Believer of Kikubaaqudgha.
             Demolished by Gastronok (29 damage)
             ... on level 8 of the Dungeon.
             The game lasted 00:34:03 (11660 turns).

BlueFish the Thaumaturge (Mummy Wizard)            Turns: 11660, Time: 00:34:04

Health: -21/68     AC:  8    Str: 12    XL:     9   Next: 99%
Magic:  3/23       EV: 13    Int: 21    God:    Kikubaaqudgha [**....]
Gold:   406        SH:  3    Dex: 10    Spells: 13/29 levels left

rFire    . . .     SeeInvis +   q - +0 trident (pain)
rCold    + . .     Gourm    .   (no shield)
rNeg     + + +     Faith    .   s - +2 robe {rF+}
rPois    ∞         Spirit   .   b - +0 hat
rElec    .         Reflect  +   (no cloak)
rCorr    .         Harm     .   p - +2 pair of gloves
MR       +....                  h - +0 pair of boots
Stlth    +++.......             f - +3 amulet of reflection
HPRegen  0.21/turn              l - +2 ring of strength
MPRegen  0.18/turn              m - ring of see invisible

@: slowed, very slow
A: no food or potions, fire vulnerability, cold resistance 1, negative energy
resistance 3, torment resistance, unbreathing
a: Receive Corpses, Renounce Religion


You were on level 8 of the Dungeon.
You worshipped Kikubaaqudgha.
Kikubaaqudgha was pleased with you.
You were not hungry.

You visited 2 branches of the dungeon, and saw 9 of its levels.

You collected 406 gold pieces.

Inventory:

Hand Weapons
 e - a +1 spear
 k - a +4 whip of electrocution
 q - a +0 trident of pain (weapon)
Armour
 b - a +0 hat (worn)
 h - a +0 pair of boots (worn)
 p - a +2 pair of gloves (worn)
 s - a +2 robe of fire resistance (worn)
Jewellery
 f - a +3 amulet of reflection (around neck)
 l - a +2 ring of strength (left hand)
 m - a ring of see invisible (right hand)
Wands
 j - a wand of random effects (31)
 o - a wand of polymorph (9)
Scrolls
 c - a scroll of remove curse
 d - 2 scrolls of identify
 g - a scroll of fear
 i - 2 scrolls of immolation
 n - 3 scrolls of teleportation


   Skills:
 * Level 5.3 Fighting
 + Level 3.0 Maces & Flails
 + Level 2.1 Polearms
 * Level 4.1 Dodging
 * Level 4.9 Stealth
 + Level 0.1 Unarmed Combat
 * Level 10.6 Spellcasting
 + Level 1.4 Conjurations
 + Level 2.7 Summonings
 * Level 4.0 Necromancy
 + Level 0.7 Translocations
 + Level 0.1 Air Magic
 + Level 0.5 Poison Magic


You had 13 spell levels left.
You knew the following spells:

 Your Spells              Type           Power        Failure   Level  Hunger
a - Pain                  Necr           ####         1%          1    N/A
b - Blink                 Tloc           N/A          7%          2    N/A
c - Call Imp              Summ           ###.....     3%          2    N/A
d - Slow                  Hex            ##......     10%         2    N/A
e - Mephitic Cloud        Conj/Pois/Air  ##......     14%         3    N/A
f - Magic Dart            Conj           ###.         3%          1    N/A
g - Vampiric Draining     Necr           ####......   3%          3    N/A
h - Corpse Rot            Necr/Air       N/A          4%          2    N/A

Your spell library contained the following spells:

 Spells                   Type           Power        Failure   Level  Hunger
 Animate Skeleton         Necr           N/A          1%          1    N/A
 Conjure Flame            Conj/Fire      ##......     14%         3    N/A

Dungeon Overview and Level Annotations

Branches:
Dungeon (8/15)             Temple (1/1) D:5
   Lair: D:8-11

Altars:
Ashenzari
Cheibriados
Dithmenos
Elyvilon
Fedhas
Gozag
Hepliaklqana
Kikubaaqudgha
Makhleb
Nemelex Xobeh
Okawaru
Qazlal
Ru
Sif Muna
Uskayaw
Vehumet
Wu Jian
Xom
Yredelemnul
Zin
The Shining One

Annotations:
D:8 Gastronok


Innate Abilities, Weirdness & Mutations

You do not eat or drink.
Your flesh is vulnerable to fire.
You are immune to poison.
Your flesh is cold resistant. (rC+)
You are immune to negative energy. (rN+++)
You are immune to unholy pain and torment.
You can survive without breathing.


Message History

Casting: Vampiric Draining (safe; 3% risk of failure)
Confirm with . or Enter, or press ? or * to list all spells.
Aiming: Vampiric Draining (safe; 3% risk of failure)
Press: ? - help, Shift-Dir - straight line, f/p - Gastronok
Aim: Gastronok, wearing a +2 hat of see invisible (heavily wounded) Gastronok is severely wounded.
You feel life coursing into your body. The bat misses you.
The river rat bites you but does no damage.
Gastronok bites you!!
* * * LOW HITPOINT WARNING * * *
Casting: Vampiric Draining (safe; 3% risk of failure)
Confirm with . or Enter, or press ? or * to list all spells.
Aiming: Vampiric Draining (safe; 3% risk of failure)
Press: ? - help, Shift-Dir - straight line, f/p - Gastronok
Aim: Gastronok, wearing a +2 hat of see invisible (severely wounded) Gastronok is severely wounded.
You feel life coursing into your body. The bat misses you.
You block the river rat's attack. Gastronok bites you!!
You die...
Kikubaaqudgha rasps: "You have failed me!
Welcome... oblivion!"

.#......c..........##............
.......#...##.####.##.....(.#####
##............# #.##.......#
#.#######.#### #.##..###..# ##.#
#.# #.###.# #)###### ...# ##.#
#.# #.###......# .###
#w.#######.###.....####.#
.########.#.#.#.#..>####.#(# #.#
.......#.......w@....###.#.# #.#
#.......#.......#r.........# #.#
#.####.#...>.........###.### ##.#
#.# #.##.....)b#...####.#####...
#.# #.#.........#.###.........#.
#.# #.##.......#((..............
#.# #...........#.###.........##
#.# ####.#.#.#.##.# #..#........
#.# #...#..#.#.# #.........##


You could see Gastronok, a river rat and a bat.

Vanquished Creatures
  Psyche (D:8)
  2 hippogriffs (D:8)
  A steam dragon (D:8)
  Menkaure (D:7)
  3 sky beasts
  3 orc warriors
  2 necrophages
  A phantom (D:5)
  2 centaurs (D:8)
  A big kobold (D:7)
  5 bullfrogs
  A scorpion (D:6)
  A jelly (D:5)
  4 wights
  A howler monkey (D:5)
  2 crimson imps (D:5)
  8 orc priests
  2 hounds
  2 bullfrog skeletons
  An iguana (D:6)
  8 orc wizards
  2 worker ants (D:6)
  A killer bee zombie (D:5)
  A hound skeleton (D:6)
  6 gnolls (D:6)
  4 adders
  3 shadow imps
  An ooze (D:1)
  A worm (D:2)
  5 leopard geckos
  58 orcs
  5 bats
  A giant cockroach (D:5)
  6 goblins
  2 hobgoblins
  4 quokkas
  3 ball pythons
  A frilled lizard (D:2)
  A giant cockroach zombie (D:5)
  A jackal skeleton (D:6)
  5 kobolds
  A leopard gecko zombie (D:7)
  A quokka zombie (D:6)
165 creatures vanquished.

Vanquished Creatures (collateral kills)
  A black bear (D:6)
  3 ogres
  A hound (D:4)
  A jelly (D:5)
  3 orc wizards
  2 gnolls (D:6)
  2 adders
  An ooze (D:2)
  An adder skeleton (D:4)
  2 worms
  9 orcs
  2 hobgoblins (D:3)
  2 jackals (D:3)
30 creatures vanquished.

Vanquished Creatures (others)
  4 toadstools (D:1)
4 creatures vanquished.

Grand Total: 199 creatures vanquished

Notes
Turn   | Place    | Note
-------+----------+-------------------------------------------
     0 | D:1      | BlueFish the Mummy Wizard began the quest for the Orb.
     0 | D:1      | Reached XP level 1. HP: 13/13 MP: 5/5
    94 | D:1      | Reached skill level 1 in Fighting
   218 | D:1      | Reached XP level 2. HP: 21/21 MP: 4/7
   222 | D:1      | Learned a level 2 spell: Blink
   225 | D:1      | Learned a level 2 spell: Call Imp
   228 | D:1      | Learned a level 2 spell: Slow
   977 | D:2      | Found a faded altar of an unknown god.
  1199 | D:2      | Found an ornate altar of the Wu Jian Council.
  1437 | D:2      | Reached XP level 3. HP: 23/26 MP: 2/9
  1526 | D:2      | Learned a level 3 spell: Mephitic Cloud
  1589 | D:2      | Found a basalt altar of Yredelemnul.
  1699 | D:3      | Reached skill level 1 in Summonings
  2369 | D:3      | Reached XP level 4. HP: 32/32 MP: 3/10
  2405 | D:3      | HP: 1/32 [something (4)]
  2411 | D:3      | HP: 1/32 [something (1)]
  2808 | D:3      | Found an iron altar of Okawaru.
  2817 | D:3      | Reached skill level 5 in Spellcasting
  3195 | D:3      | Found a shimmering altar of Xom.
  3197 | D:3      | Found a shimmering blue altar of Sif Muna.
  3340 | D:4      | Reached skill level 1 in Conjurations
  3447 | D:4      | Found a stormy altar of Qazlal.
  4062 | D:3      | Reached XP level 5. HP: 11/37 MP: 1/12
  4496 | D:4      | Reached skill level 1 in Polearms
  4712 | D:4      | Reached XP level 6. HP: 44/44 MP: 12/14
  4748 | D:4      | Reached skill level 6 in Spellcasting
  5004 | D:4      | Found a sparkling altar of Nemelex Xobeh.
  5656 | D:5      | Entered Level 5 of the Dungeon
  5884 | D:5      | Reached skill level 1 in Maces & Flails
  5884 | D:5      | Reached XP level 7. HP: 44/51 MP: 16/16
  6301 | D:5      | Found a staircase to the Ecumenical Temple.
  6307 | Temple   | Entered the Ecumenical Temple
  6343 | Temple   | Became a worshipper of Kikubaaqudgha
  6858 | D:5      | Reached skill level 7 in Spellcasting
  7414 | D:6      | Reached XP level 8. HP: 58/58 MP: 15/18
  7458 | D:6      | Reached * piety under Kikubaaqudgha
  7458 | D:6      | Identified Kikubaaqudgha's Guide on Necromancy
                  | (Kikubaaqudgha gifted it to you on level 6 of the Dungeon)
  7458 | D:6      | Received a gift from Kikubaaqudgha
  7466 | D:6      | Learned a level 1 spell: Pain
  7470 | D:6      | Learned a level 3 spell: Vampiric Draining
  7473 | D:6      | Learned a level 2 spell: Corpse Rot
  7735 | D:6      | Found a hide-covered altar of Uskayaw.
  7779 | D:6      | Reached skill level 1 in Necromancy
  7845 | D:6      | Found a stormy altar of Qazlal.
  7991 | D:5      | Reached skill level 8 in Spellcasting
  8251 | D:6      | Found a blossoming altar of Fedhas.
  8333 | D:7      | Noticed Menkaure
  8346 | D:7      | Killed Menkaure
  8474 | D:7      | Reached XP level 9. HP: 30/66 MP: 21/21
  8774 | D:7      | Reached ** piety under Kikubaaqudgha
  8774 | D:7      | Reached skill level 9 in Spellcasting
  9066 | D:7      | Found a white marble altar of Elyvilon.
  9372 | D:7      | Found a shadowy altar of Dithmenos.
 10391 | D:8      | Reached skill level 5 in Fighting
 10393 | D:8      | Noticed Psyche
 10420 | D:8      | Killed Psyche
 10420 | D:8      | Reached skill level 10 in Spellcasting
 11217 | D:8      | Noticed Gastronok
 11249 | D:8      | HP: 2/68 [Gastronok (10)]
 11659 | D:8      | HP: 3/68 [Gastronok (28)]
 11660 | D:8      | Demolished by Gastronok

Levels and vault maps discovered:
D:1:      ldierk_water_garden, layout_loops_ring
D:2:      layout_basic, lemuel_doored_altar, marbit_many_paths,
          chequers_ecumenical_altar_simple
D:3:      layout_loops_corners, okawaru_metal_pillars_1_2,
          nicolae_overflow_hidden_temple
D:4:      layout_loops_corners, lemuel_round_altar,
          nicolae_qazlal_general_emergency
D:5:      layout_loops_cross, minmay_temple_entry_hall, first_ration,
          grunt_decor_arrowhead, bh_walls_and_bars
D:6:      layout_cave_pools, grunt_temple_overflow_forces_of_nature,
          nicolae_overflow_crystal_walls, st_stairs_1, minmay_misc_feat_encased
D:7:      layout_cave_pods, elyvilon_altar_1, kennysheep_mini_moat,
          grunt_ogre_cave, uniq_menkaure
D:8:      layout_loops_ring, st_stairs_4, uniq_gastronok, uniq_psyche
Temple:   compressed_dpeg_circular_temple

Skill      XL: |  1  2  3  4  5  6  7  8  9 |
---------------+----------------------------+-----
Fighting       | 1 2 3 4 5 |  5.3
Stealth        | 2 3 4 |  4.9
Summonings     | 1 2 |  2.7
Dodging        | 2 3 4 |  4.1
Spellcasting   | 5 6 7 8 10 | 10.6
Conjurations   | 1 |  1.4
Polearms       | 1 2 |  2.1
Maces & Flails | 1 2 3 |  3.0
Necromancy     | 1 4 |  4.0
Unarmed Combat | |  0.1
Translocations | |  0.7
Air Magic      | |  0.1
Poison Magic   | |  0.5

Action                   |  1- 3 |  4- 6 |  7- 9 || total
-------------------------+-------+-------+-------++-------
Melee: Unarmed           |    10 |       |       ||    10
       Spear             |    13 |    41 |       ||    54
       Whip              |       |    77 |   191 ||   268
       Trident           |       |       |   106 ||   106
       Punch             |       |       |     1 ||     1
 Cast: Magic Dart        |    57 |    34 |    37 ||   128
       Call Imp          |    11 |    21 |    29 ||    61
       Blink             |       |     2 |       ||     2
       Mephitic Cloud    |       |     5 |     5 ||    10
       Pain              |       |       |    75 ||    75
       Vampiric Draining |       |       |    45 ||    45
  Use: Scroll            |     5 |     1 |     4 ||    10
 Stab: Confused          |       |     1 |     1 ||     2
       Sleeping          |       |       |     1 ||     1
       Invisible         |       |       |     2 ||     2
Armor: Robe              |     7 |    11 |    61 ||    79
Dodge: Dodged            |    13 |    54 |   202 ||   269
Block: Other             |     1 |     9 |    32 ||    42
       Reflection        |     1 |       |     1 ||     2

Table legend:
 A = Non-vault XP
 B = Vault XP
 C = Vault XP percentage of total XP
 D = Non-vault monster count
 E = Vault monster count
 F = Vault count percentage of total count
                 A         B        C        D         E       F
            +---------+---------+-------+---------+---------+-------
      Total |    4383 |    1125 |  20.4 |     187 |       8 |   4.1
            +---------+---------+-------+---------+---------+-------
        D:1 |      18 |       0 |   0.0 |       7 |       0 |   0.0
        D:2 |      28 |       2 |   6.7 |       8 |       1 |  11.1
        D:3 |     143 |       0 |   0.0 |      21 |       0 |   0.0
        D:4 |     407 |       0 |   0.0 |      40 |       0 |   0.0
        D:5 |     740 |       0 |   0.0 |      28 |       0 |   0.0
        D:6 |     927 |      63 |   6.4 |      34 |       2 |   5.6
        D:7 |     873 |     258 |  22.8 |      21 |       2 |   8.7
        D:8 |    1247 |     802 |  39.1 |      28 |       3 |   9.7
            +---------+---------+-------+---------+---------+-------
